 Dungeon Crawl Stone Soup version 0.24-a0-201-gf205589 (webtiles) character file.

Game seed: 8559795682183387467

27 Borgoz the Skirmisher (level 3, -2/31 HPs)
             Began as a Ghoul Monk on Mar 23, 2019.
             Slain by an orc
             ... wielding a +0 falchion
              (4 damage)
             ... on level 1 of the Dungeon.
             The game lasted 00:02:26 (778 turns).

Borgoz the Skirmisher (Ghoul Monk)                   Turns: 778, Time: 00:02:26

Health: -2/31      AC:  5    Str: 11 (14) XL:     3   Next: 10%
Magic:  2/2        EV: 11    Int:  4 (5)  God:
Gold:   47         SH:  0    Dex: 11 (12) Spells: 2/2 levels left

rFire    . . .     SeeInvis .   a - +0 short sword
rCold    + . .     Gourm    .   (no shield)
rNeg     + + +     Faith    .   e - +0 ring mail
rPois    ∞         Spirit   .   (no helmet)
rElec    .         Reflect  .   (no cloak)
rCorr    .         Harm     .   (no gloves)
MR       .....                  (no boots)
Stlth    +.........             (no amulet)
HPRegen  0.00/turn              (no ring)
MPRegen  0.08/turn              (no ring)

@: rotting
A: rotting body, claws 1, carnivore, cold resistance 1, negative energy
resistance 3, inhibited regeneration, torment resistance, unbreathing
a: no special abilities


You were on level 1 of the Dungeon.
You were not hungry.

You visited 1 branch of the dungeon, and saw 2 of its levels.

You collected 47 gold pieces.

Inventory:

Hand Weapons
 a - a +0 short sword (weapon)
Armour
 e - a +0 ring mail (worn)
Scrolls
 d - 2 scrolls of identify {unknown}
 f - a scroll of fear {unknown}
 g - 2 scrolls of remove curse {unknown}
Comestibles
 c - 2 rations


   Skills:
 - Level 3.2 Fighting
 + Level 3.1 Short Blades
 + Level 1.2 Armour
 + Level 3.1 Dodging
 - Level 2.1 Stealth


You had 2 spell levels left.
You didn't know any spells.
Your spell library was empty.

Dungeon Overview and Level Annotations

Branches:
Dungeon (2/15)

Altars:
Dithmenos


Innate Abilities, Weirdness & Mutations

Your body is rotting away.
You thrive on raw meat.
You are immune to poison.
You have sharp fingernails.
You are carnivorous and can eat meat at any time.
Your flesh is cold resistant. (rC+)
You are immune to negative energy. (rN+++)
You do not regenerate when monsters are visible.
You are immune to unholy pain and torment.
You can survive without breathing.


Message History

Your experience leads to an increase in your attributes!
Your base attributes are Str 14, Int 5, Dex 11.
Increase (S)trength, (I)ntelligence, or (D)exterity?
You feel agile. The orc closely misses you.
You see here a short sword.
The orc barely misses you.
You closely miss the orc. The orc hits you but does no damage.
Your ring mail prevents you from hitting the orc.
The orc hits you but does no damage.
You hit the orc.
The orc is moderately wounded.
The orc hits you.
* * * LOW HITPOINT WARNING * * *
You hit the orc.
You kill the orc!
You hit the orc.
The orc is moderately wounded.
The orc hits you with a +0 falchion.
You die...

##.....÷...##.# #.#####.#.##.#
#####.##....#.##.#
#.....##.####.##.#
#.######......##.# #.#
#..###.##.# ######.######).#
#.##.# #......##...#..###.##.#
#..###.@o.#(....##....#
##########..#
####...#.))#####.##
#...........# #.#.............
#.#######...# #o..#...#####.##
#.## #...# #)#.....# ##.# ...###
#..## ##...#...# #..#
..P.)####..######..#.....####..#
#.PPP..........).....#.........#
#...♣P..#..##..##..#(..).####.##


You could see an orc.

Vanquished Creatures
  A dart slug (D:1)
  A leopard gecko (D:1)
  2 orcs (D:1)
  A bat (D:1)
  A giant cockroach (D:1)
  A goblin (D:1)
  3 hobgoblins (D:1)
  5 kobolds (D:1)
  A frilled lizard (D:1)
  3 rats (D:1)
19 creatures vanquished.

Notes
Turn   | Place    | Note
-------+----------+-------------------------------------------
     0 | D:1      | Borgoz the Ghoul Monk began the quest for the Orb.
     0 | D:1      | Reached XP level 1. HP: 19/19 MP: 0/0
   106 | D:1      | Reached XP level 2. HP: 26/26 MP: 1/1
   402 | D:1      | Reached skill level 1 in Armour
   725 | D:2      | Found a shadowy altar of Dithmenos.
   764 | D:1      | Reached XP level 3. HP: 4/31 MP: 2/2
   778 | D:1      | Slain by an orc

Levels and vault maps discovered:
D:1:      minmay_arrival_open_corners, layout_loops_ring, serial_forest,
          infiniplex_forest_clump_diagonal, infiniplex_forest_zigzag_2,
          infiniplex_forest_clump_curved, infiniplex_forest_clump_curved,
          infiniplex_forest_clump_small, infiniplex_forest_clump_tiny,
          infiniplex_forest_clump_small, infiniplex_forest_pool,
          infiniplex_forest_corner_1, minmay_misc_feat_pillars
D:2:      cheibrodos_pilgrimage, layout_rooms,
          grunt_dithmenos_smoke_and_mirrors, serial_undead, serial_undead_b,
          serial_undead_e, serial_undead_a, serial_undead_c

Skill      XL: |  1  2 |
---------------+-------+-----
Short Blades   | 3 |  3.1
Dodging        | 3 |  3.1
Armour         | 1 |  1.2
Fighting       | |  3.2
Stealth        | |  2.1

Action                   || total
-------------------------++-------
Melee: Short sword       ||   119
  Use: Potion            ||     1
  Eat: Chunk             ||     8
Armor: Ring mail         ||    19
       Robe              ||     1
Dodge: Dodged            ||    47

Table legend:
 A = Non-vault XP
 B = Vault XP
 C = Vault XP percentage of total XP
 D = Non-vault monster count
 E = Vault monster count
 F = Vault count percentage of total count
                 A         B        C        D         E       F
            +---------+---------+-------+---------+---------+-------
      Total |      33 |       6 |  15.4 |      17 |       2 |  10.5
            +---------+---------+-------+---------+---------+-------
        D:1 |      33 |       6 |  15.4 |      17 |       2 |  10.5
            +---------+---------+-------+---------+---------+-------
